 Dungeon Crawl Stone Soup version 0.31-a0-841-g038b102fc3 (webtiles) character file.

Game seed: 5563377568771569691

2562 freelancePsychic the Changeling (level 9, -1/81 (88) HPs)
             Began as a Troll Conjurer on Sept 27, 2023.
             Was a Believer of Cheibriados.
             Slain by a brown ugly thing (12 damage)
             ... on level 9 of the Dungeon.
             The game lasted 00:09:32 (6705 turns).

freelancePsychic the Changeling (Troll Conjurer)    Turns: 6705, Time: 00:09:32

HP:   -1/81 (88)    AC: -3    Str: 24    XL:     9   Next: 31%
MP:   3/10          EV: 10    Int: 25    God:    Cheibriados [**....]
Gold: 377           SH:  0    Dex: 15    Spells: 1/11 levels left

rFire   . .          .
                       - Unarmed
rCold   . . .        (no shield)
rNeg    . . .        a - +0 robe
rPois   .            (helmet restricted)
rElec   .            z - +0 cloak
rCorr   .            (gloves unavailable)
SInv    .            (boots unavailable)
Will    .....        E - amulet of magic regeneration
Stlth   ++           x - +6 ring of intelligence
HPRegen 1.13/turn    (no ring)
MPRegen 0.52/turn

%: no passive effects
@: corroded, drained, very slow
A: large, unfitting armour, claws 3, regeneration 1, shaggy fur 1, tough skin 1
a: Renounce Religion, Bend Time


You were on level 9 of the Dungeon.
You worshipped Cheibriados.
Cheibriados was pleased with you.
You visited 2 branches of the dungeon, and saw 10 of its levels.

You collected 377 gold pieces.

Inventory:

Armour
 a - a +0 robe (worn)
 z - a +0 cloak (worn)
Jewellery
 p - a ring of flight
 q - an amulet of faith
 t - an amulet of guardian spirit
 x - a +6 ring of intelligence (left claw)
 E - an amulet of magic regeneration (around neck)
Talismans
 c - a storm talisman
Wands
 k - a wand of iceblast (9)
 m - a wand of flame (4)
 C - a wand of quicksilver (9)
Scrolls
 d - a scroll of brand weapon {unknown}
 e - 3 scrolls of enchant weapon
 g - 2 scrolls of amnesia
 l - 2 scrolls of revelation
 n - 4 scrolls of poison
 r - 4 scrolls of teleportation {@r4}
 v - a scroll of summoning {unknown}
 y - 3 scrolls of identify {@r1}
 A - a scroll of fear {unknown}
 B - a scroll of fog {unknown}
Potions
 b - a potion of magic
 f - a potion of enlightenment {unknown}
 h - 2 potions of resistance
 i - a potion of brilliance {unknown}
 j - a potion of mutation {unknown}
 o - a potion of heal wounds {unknown}
 s - a potion of might {unknown}
 u - 3 potions of berserk rage {unknown}
 w - 2 potions of degeneration {unknown}
 D - a potion of ambrosia {unknown}


   Skills:
 + Level 5.1 Fighting
 - Level 1.5 Dodging
 - Level 1.0 Stealth
 - Level 3.5 Unarmed Combat
 + Level 1.7 Spellcasting
 - Level 2.9 Conjurations
 + Level 1.5 Transmutations
 + Level 1.5 Fire Magic
 * Level 5.2 Poison Magic
 - Level 5.5 Shapeshifting


You had one spell level left.
You knew the following spells:

 Your Spells              Type           Power      Damage    Failure   Level
a - Magic Dart            Conj           68%        1d6       3%          1
b - Searing Ray           Conj           34%        2d5       4%          2
c - Ignite Poison         Fire/Tmut/Pois 16%        N/A       11%         3
d - Olgreb's Toxic Radia  Pois           28%        N/A       13%         4

Your spell library contained the following spells:

 Spells                   Type           Power      Damage    Failure   Level
 Cigotuvi's Dreadful Rot  Necr/Pois/Air  20%        N/A       9%          2
 Dazzling Flash           Conj/Hex       18%        N/A       19%         3
 Summon Guardian Golem    Hex/Summ       2%         N/A       34%         3
 Sticky Flame             Conj/Fire      13%        2d4       41%         4
 Fulminant Prism          Conj/Hex       4%         3d5       52%         4
 Iskenderun's Mystic Bla  Conj/Tloc      9%         2d4       52%         4
 Dimensional Bullseye     Hex/Tloc       1%         N/A       75%         4
 Passage of Golubria      Tloc           2%         N/A       75%         4
 Lee's Rapid Deconstruct  Erth           1%         3d4*      97%         5
 Eringya's Noxious Bog    Tmut/Pois      9%         4d6       99%         6
 Orb of Destruction       Conj           8%         9d6       100%        7
 Spellforged Servitor     Conj/Summ      4%         N/A       100%        7
 Disjunction              Tloc           1%         N/A       100%        8
 Ignition                 Fire           4%         3d4       100%        8


Dungeon Overview and Level Annotations

Branches:
Dungeon (9/15)             Temple (1/1) D:6
   Lair: D:8-11         Orc: D:9-12

Altars:
Ashenzari
Cheibriados
Dithmenos
Elyvilon
Fedhas
Gozag
Hepliaklqana
Kikubaaqudgha
Makhleb
Nemelex Xobeh
Okawaru
Qazlal
Ru
Sif Muna
Trog
Uskayaw
Vehumet
Wu Jian
Xom
Yredelemnul
Zin
The Shining One

Shops:
D:7 (

Annotations:
D:7 exclusion: door


Innate Abilities, Weirdness & Mutations

You are too large for most types of armour.
You have claws for hands.
Your natural rate of healing is unusually fast.
You are covered in fur. (AC +1)
You have tough skin. (AC +1)


Message History

The brown ugly thing is moderately wounded.
The brown ugly thing is poisoned.
Your toxic aura wanes.
The brown ugly thing trunk-slaps you but does no damage.
Casting: Ignite Poison (dangerous; 11% risk of failure)
Confirm with . or Enter, or press ? or * to list all spells.
You begin to radiate toxic energy.
The brown ugly thing looks even sicker. x2
The brown ugly thing closely misses you.
You scratch the brown ugly thing but do no damage.
The brown ugly thing is heavily wounded.
The brown ugly thing looks as sick as possible!
The brown ugly thing trunk-slaps you.
You are splashed with acid!
Casting: Olgreb's Toxic Radiance (dangerous; 13% risk of failure)
Confirm with . or Enter, or press ? or * to list all spells.
You don't have enough magic to cast this spell.
Casting: Olgreb's Toxic Radiance (dangerous; 13% risk of failure)
Confirm with . or Enter, or press ? or * to list all spells.
You don't have enough magic to cast this spell.
You barely miss the brown ugly thing.
The brown ugly thing is heavily wounded.
Your toxic aura wanes.
The brown ugly thing trunk-slaps you!
You are splashed with acid!
You barely miss the brown ugly thing.
The brown ugly thing is heavily wounded.
The brown ugly thing trunk-slaps you! The acid corrodes you!
You are splashed with acid!
You scratch the brown ugly thing.
The brown ugly thing is heavily wounded.
The brown ugly thing trunk-slaps you!
* * * LOW HITPOINT WARNING * * *
The acid corrodes you!
You are splashed with acid!
* * * LOW HITPOINT WARNING * * *
Okay, then.
Attack: -) Claws
Press: ? - help, Dir - move target, f - brown ugly thing
Aim: a brown ugly thing (heavily wounded, extremely poisoned, about 34% to evade your claws)
You scratch the brown ugly thing but do no damage.
The brown ugly thing is heavily wounded.
The brown ugly thing trunk-slaps you!
You die...

######.?.......
...............
...............
...............
.
#.........[....
. #............
#............
#..@.......
##u....#.[.
#.....##
#..##.# ### #.
. .. . .. ...


You could see a brown ugly thing (very poisoned).

Vanquished Creatures
  Jeremiah (D:6)
  2 water moccasins
  2 orc warriors
  A sky beast (D:8)
  An ice beast (D:6)
  A centaur (D:7)
  2 kobold brigands
  2 phantoms (D:5)
  3 bullfrogs
  A scorpion (D:5)
  6 wights
  A howler monkey (D:7)
  3 orc priests
  5 hounds
  A sleepcap (D:8)
  2 jellies
  2 iguanas
  5 orc wizards
  5 gnolls
  6 adders
  A white imp (D:5)
  2 ufetubi
  2 worms
  A dart slug (D:3)
  13 orcs
  4 ball pythons
  5 bats
  11 endoplasms
  4 giant cockroaches
  8 goblins
  12 hobgoblins
  4 jackals (D:2)
  18 kobolds
  5 quokkas
  4 frilled lizards
  2 rats
148 creatures vanquished.

Notes
Turn   | Place    | Note
-------+----------+-------------------------------------------
     0 | D:1      | freelancePsychic the Troll Conjurer began the quest for the
                  | Orb.
     0 | D:1      | Reached XP level 1. HP: 16/16 MP: 1/1
   197 | D:1      | Reached XP level 2. HP: 26/26 MP: 2/2
   428 | D:1      | Reached skill level 1 in Unarmed Combat
   647 | D:2      | Reached skill level 1 in Shapeshifting
   675 | D:2      | Reached skill level 1 in Fighting
   743 | D:2      | Reached XP level 3. HP: 33/33 MP: 3/3
  1478 | D:3      | Reached XP level 4. HP: 33/41 MP: 4/4
  2541 | D:4      | Reached XP level 5. HP: 45/49 MP: 5/5
  3174 | D:4      | Found a glowing silver altar of Zin.
  3174 | D:4      | Found a basalt altar of Yredelemnul.
  3301 | D:5      | Entered Level 5 of the Dungeon
  3377 | D:5      | Learned a level 2 spell: Searing Ray
  3427 | D:5      | Reached XP level 6. HP: 14/58 MP: 0/6
  3778 | D:5      | Reached XP level 7. HP: 56/66 MP: 5/7
  3886 | D:6      | Identified a scroll of acquirement
  3887 | D:6      | Acquired the Incunabulum of Toxic Dislocation
  3970 | D:6      | Reached skill level 1 in Poison Magic
  3970 | D:6      | Reached skill level 5 in Shapeshifting
  4017 | D:6      | Noticed Jeremiah
  4136 | D:6      | Found a staircase to the Ecumenical Temple.
  4171 | Temple   | Found a transporter.
  4171 | Temple   | Found a transporter.
  4171 | Temple   | Found a transporter.
  4171 | Temple   | Found a transporter.
  4171 | Temple   | Entered the Ecumenical Temple
  4192 | Temple   | Became a worshipper of Cheibriados the Contemplative
  4337 | D:6      | Killed Jeremiah
  4338 | D:6      | Reached XP level 8. HP: 18/75 MP: 2/8
  4404 | D:6      | Learned a level 4 spell: Olgreb's Toxic Radiance
  4935 | D:6      | Got a droning book
  4995 | D:7      | Found Gouhi's Hydra Hut.
  4996 | D:7      | Noticed a seven-headed hydra
  5134 | D:7      | Reached * piety under Cheibriados
  5936 | D:7      | Noticed a slime creature
  6035 | D:7      | Reached ** piety under Cheibriados
  6123 | D:8      | Found an iron altar of Okawaru.
  6250 | D:8      | Reached skill level 1 in Transmutations
  6250 | D:8      | Reached XP level 9. HP: 77/87 MP: 8/10
  6295 | D:8      | Reached skill level 1 in Fire Magic
  6308 | D:8      | Reached skill level 5 in Poison Magic
  6339 | D:8      | HP: 1/87 [orc priest/divine providence (9)]
  6341 | D:8      | Reached skill level 5 in Fighting
  6481 | D:8      | Learned a level 3 spell: Ignite Poison
  6697 | D:9      | Noticed a brown ugly thing
  6705 | D:9      | Slain by a brown ugly thing

Illustrated notes

Levels and vault maps discovered:
D:1:      ebering_trefoil_3fold, layout_basic
D:2:      wad_pebble_path, layout_loops_ring
D:3:      minmay_angry_zag, layout_loops_corners
D:4:      layout_layer_cave, nicolae_overflow_two_pavilions,
          chequers_decorated_corner
D:5:      layout_rooms
D:6:      layout_loops_ring, minmay_temple_entry_stoned_glass, corexii_shack,
          mrwooster_statue_mirror, uniq_jeremiah
D:7:      lemuel_slime, layout_loops_ring, hangedman_decor_peaks_small,
          doesnt_shop_hydraphobe
D:8:      layout_cave_pools, okawaru_metal_pillars_1_2
D:9:      layout_cave_pools
Temple:   hellmonk_temple_divided_pantheon

Skill      XL: |  1  2  3  4  5  6  7  8  9 |
---------------+----------------------------+-----
Unarmed Combat | 1 2 3 |  3.5
Shapeshifting  | 1 2 3 4 5 |  5.5
Fighting       | 1 2 3 4 5 |  5.1
Poison Magic   | 2 4 5 |  5.2
Transmutations | 1 |  1.5
Fire Magic     | 1 |  1.5
Dodging        | |  1.5
Stealth        | |  1.0
Spellcasting   | |  1.7
Conjurations   | |  2.9

Action                     |  1- 3 |  4- 6 |  7- 9 || total
---------------------------+-------+-------+-------++-------
  Melee: Unarmed           |   126 |   131 |   227 ||   484
         Punch             |     2 |     3 |     2 ||     7
   Cast: Searing Ray       |       |     3 |     1 ||     4
         Olgreb's Toxic Ra |       |       |     6 ||     6
         Ignite Poison     |       |       |     2 ||     2
    Use: Scroll            |     5 |     1 |     2 ||     8
         Potion            |       |     2 |     4 ||     6
   Stab: Sleeping          |     1 |     2 |     1 ||     4
 Armour: Robe              |    71 |   102 |   215 ||   388
  Dodge: Dodged            |    55 |    48 |    82 ||   185

Table legend: (Time is in decaauts)
 A = Elapsed time spent in this place.
 B = Non-inter-level travel time spent in this place.
 C = Inter-level travel time spent in this place.
 D = Time resting spent in this place.
 E = Time spent auto-exploring this place.
 F = Levels seen in this place.
 G = Mean time per level.
                   A        B        C        D        E       F      G
               +--------+--------+--------+--------+--------+-----+--------+
         Total |   7297 |   6978 |    319 |    121 |   5654 |  10 |  729.7 |
       Dungeon |   7254 |   6948 |    306 |    121 |   5654 |   9 |  806.0 |
        Temple |     43 |     31 |     12 |      0 |      0 |   1 |   43.0 |
               +--------+--------+--------+--------+--------+-----+--------+

Top non-repeatable levels by time:
     D:6: 1308 daAuts
     D:7: 1219 daAuts
     D:4: 1167 daAuts
     D:3: 902 daAuts
     D:8: 797 daAuts
     D:1: 631 daAuts
     D:2: 593 daAuts
     D:5: 579 daAuts
     D:9: 54 daAuts
  Temple: 43 daAuts
